 Dungeon Crawl Stone Soup version 0.18.1-50-g88ac8fd (webtiles) character file.

1304 epen the Martial Artist (level 8, -14/65 HPs)
             Began as a Merfolk Monk on Sept 15, 2016.
             Demolished by Menkaure (19 damage)
             ... on level 5 of the Dungeon.
             The game lasted 00:06:22 (5016 turns).

epen the Martial Artist (Merfolk Monk)              Turns: 5016, Time: 00:06:22

Health: -14/65     AC:  9    Str: 10 (11) XL:     8   Next: 57%
Magic:  8/8        EV: 18    Int:  7 (9)  God:
Gold:   233        SH:  0    Dex: 21 (24) Spells: 0 memorised, 7 levels left

rFire  . . .     SeeInvis .       - Unarmed
rCold  . . .     Gourm    .     c - +2 scale mail {rPois}
rNeg   . . .     Faith    .     (no shield)
rPois  +         Spirit   .     d - +0 helmet
rElec  .         Dismiss  .     (no cloak)
rCorr  .         Reflect  .     (no gloves)
SustAt .         Harm     .     (no boots)
MR     .....                    (no amulet)
Stlth  ++........               (no ring)
                                (no ring)

@: agile, not resistant to hostile enchantments, unstealthy
A: change form in water, swift swim
a: no special abilities


You were on level 5 of the Dungeon.
You were not hungry.

You visited 1 branch of the dungeon, and saw 5 of its levels.

You collected 233 gold pieces.

Inventory:

Hand Weapons
 p - a +1 trident of freezing
Armour
 a - a +0 robe
 c - a +2 scale mail of poison resistance (worn)
 d - a +0 helmet (worn)
 A - a +2 robe of fire resistance
Wands
 r - a wand of teleportation (5/9)
 y - a wand of iceblast (6/15)
 B - a wand of enslavement (7/24)
Scrolls
 e - 3 scrolls of remove curse
 i - 2 scrolls of noise
 l - a scroll of enchant weapon
 o - 2 scrolls of immolation {unknown}
 u - 3 scrolls of identify
 z - 3 scrolls of amnesia {unknown}
Potions
 f - 2 potions of flight
 j - 2 potions of haste {unknown}
 k - a potion of berserk rage {unknown}
 m - a potion of magic
 n - 2 potions of heal wounds {unknown}
 q - a potion of invisibility {unknown}
 s - a potion of lignification {unknown}
 t - 2 potions of brilliance {unknown}
 v - 2 potions of degeneration
 x - a potion of curing {unknown}
Comestibles
 b - 7 bread rations
 h - a chunk of flesh
 w - a slice of pizza


   Skills:
 + Level 6.3 Fighting
 + Level 7.8 Dodging
 - Level 2.1 Stealth
 * Level 9.1 Unarmed Combat


You had 7 spell levels left.
You didn't know any spells.

Dungeon Overview and Level Annotations

Branches:
Dungeon (5/15)
 Temple: D:4-7

Altars:
Gozag
Okawaru
Qazlal

Shops:
D:4 :

Annotations:
D:5 Menkaure


Message History

The gnoll shaman convulses!
Your body is wracked with pain!
* * * LOW HITPOINT WARNING * * *
The giant frog skeleton hits you.
* * * LOW HITPOINT WARNING * * *
Unknown command.
Drink which item? (? for menu, Esc to quit)
It was a potion of agility.
You feel agile all of a sudden.
Menkaure calls on the powers of darkness!
The gnoll shaman convulses!
Your body is wracked with pain!
* * * LOW HITPOINT WARNING * * *
The giant frog skeleton hits you but does no damage.
Drink which item? (? for menu, Esc to quit)
It was a potion of degeneration.
There was something very wrong with that liquid.
You feel weakened.
You feel dopey.
You feel clumsy.
The giant frog skeleton closely misses you.
Drink which item? (? for menu, Esc to quit)
It was a potion of magic.
Magic courses through your body. Menkaure hits you!!
You die...

.....###..## ##.# #..#
####. ##..# #..# #.#. #
##.## ##.## #..( #..#
###..# ##.## ##.# #...##
#..## #.## #.### #..##
#..###.########..#.
##.##..............
#@....########....
.#######ZM..............#
.......gg....######...#.#
...###.##....# #..##.#
..g ###### ##.###.# #..#
#..##... #... #..#...#
...## #..##### .... ####


You could see Menkaure, a gnoll shaman, 2 gnolls and a giant frog skeleton.

Vanquished Creatures
  Pikel (D:4)
  Sigmund (D:4)
  An ogre (D:3)
  A crimson imp (D:5)
  2 hounds (D:5)
  2 orc priests (D:4)
  Jessica (D:3)
  Terence (D:2)
  3 orc wizards (D:3)
  A worker ant (D:4)
  8 gnolls
  11 adders
  An ooze (D:1)
  An adder zombie (D:5)
  2 worms
  5 dart slugs
  5 giant geckos
  9 orcs
  A ball python (D:1)
  5 bats
  5 giant cockroaches
  4 goblins
  11 hobgoblins
  10 kobolds
  5 quokkas
  3 giant newts
  A quokka skeleton (D:4)
  7 rats
108 creatures vanquished.

Vanquished Creatures (others)
  A hound zombie (D:5)
1 creature vanquished.

Grand Total: 109 creatures vanquished

Notes
Turn   | Place    | Note
--------------------------------------------------------------
     0 | D:1      | epen the Merfolk Monk began the quest for the Orb.
     0 | D:1      | Reached XP level 1. HP: 18/18 MP: 1/1
    80 | D:1      | Reached XP level 2. HP: 23/24 MP: 2/2
   203 | D:2      | Noticed Terence
   227 | D:2      | Reached XP level 3. HP: 8/29 MP: 3/3
   600 | D:1      | Reached skill level 5 in Unarmed Combat
   763 | D:1      | Reached XP level 4. HP: 36/37 MP: 4/4
   840 | D:2      | Killed Terence
   840 | D:2      | Reached skill level 5 in Dodging
  1235 | D:2      | Reached XP level 5. HP: 33/42 MP: 5/5
  1659 | D:2      | Found a stormy altar of Qazlal.
  1904 | D:3      | Found an opulent altar of Gozag.
  1949 | D:3      | Found an iron altar of Okawaru.
  2041 | D:3      | Reached skill level 6 in Unarmed Combat
  2049 | D:3      | Reached XP level 6. HP: 21/49 MP: 6/6
  2624 | D:3      | Noticed Jessica
  2632 | D:3      | Killed Jessica
  3240 | D:4      | Noticed Sigmund
  3308 | D:4      | Found Vuatirez's Book Shoppe.
  3324 | D:4      | Reached skill level 5 in Fighting
  3324 | D:4      | Reached skill level 7 in Unarmed Combat
  3324 | D:4      | Reached XP level 7. HP: 44/56 MP: 7/7
  3621 | D:4      | Killed Sigmund
  4297 | D:4      | Got a jacinth-encrusted ring mail
  4308 | D:4      | Identified the cursed +0 ring mail of Mysticism {MR- Int+7} (You found it on level 4 of the Dungeon)
  4454 | D:5      | Entered Level 5 of the Dungeon
  4461 | D:5      | Noticed Pikel
  4525 | D:4      | Killed Pikel
  4525 | D:4      | Reached skill level 8 in Unarmed Combat
  4525 | D:4      | Reached XP level 8. HP: 20/64 MP: 8/8
  4796 | D:5      | Reached skill level 9 in Unarmed Combat
  5005 | D:5      | Noticed Menkaure
  5016 | D:5      | Demolished by Menkaure

Skill      XL: |  1  2  3  4  5  6  7  8 |
---------------+-------------------------+-----
Unarmed Combat | 5 6 7 8 9 |  9.1
Dodging        | 5 6 7 |  7.8
Fighting       | 4 5 6 |  6.3
Stealth        | |  2.1

Action                   |  1- 3 |  4- 6 |  7- 9 || total
-------------------------+-------+-------+-------++-------
Melee: Unarmed           |   102 |    46 |   143 ||   291
       Punch             |     2 |     3 |     8 ||    13
       Trident           |       |   179 |       ||   179
  Use: Scroll            |       |     8 |     1 ||     9
       Potion            |       |       |     3 ||     3
  Eat: Chunk             |       |     7 |     7 ||    14
Armor: Robe              |     9 |     2 |       ||    11
       Scale mail        |       |    70 |    50 ||   120
Dodge: Dodged            |    66 |   104 |    85 ||   255
